Description

PvT Colosse

Replay - perfect PvT colosse

Build Order

Get SALT Encoding   

  12  0:00  Probe  
  13  0:13  Probe  
  14  0:18  Pylon  
  14  0:25  Probe  
  15  0:38  Probe (Chrono Boost)  
  15  0:40  Gateway  
  16  0:45  Assimilator  
  17  0:54  Probe x2 (Chrono Boost)  
  19  1:06  Probe (Chrono Boost)  
  19  1:17  Probe (Chrono Boost)  
  20  1:25  Nexus  
  20  1:36  Cybernetics Core  
  20  1:39  Probe  
  21  1:44  Assimilator  
  21  1:51  Probe  
  22  1:56  Pylon  
  23  2:15  Stalker (Chrono Boost)  
  26  2:17  Warp Gate  
  27  2:36  Stalker (Chrono Boost)  
  31  2:48  Robotics Facility  
  35  3:19  Gateway x2  
  37  3:23  Assimilator x2  
  39  3:42  Robotics Bay  
  42  3:48  Observer (Chrono Boost)  
  42  3:56  Pylon x2  
  42  4:00  Observer (Chrono Boost)  
  48  4:17  Observer (Chrono Boost)  
  51  4:31  Pylon  
  51  4:32  Extended Thermal Lance  
  51  4:33  Observer (Chrono Boost)  
  52  4:43  Stalker x3  
  58  4:51  Colossus (Chrono Boost)  
  64  5:06  Forge  
  64  5:13  Twilight Council  
  64  5:22  Nexus  
  71  5:29  Colossus (Chrono Boost)  
  74  5:49  Protoss Ground Weapons Level 1 (Chrono Boost)  
  76  6:02  Stalker x3  
  84  6:14  Colossus  
  94  6:41  Gateway x2  
  94  6:47  Gateway x3  
  94  6:50  Templar Archives  
  94  6:57  Charge  
  97  7:12  Assimilator x2  
  100  7:23  Zealot x3  
  100  7:27  Psionic Storm  
  109  7:43  Zealot x6  
  121  7:55  Protoss Ground Weapons Level 2 (Chrono Boost)  
  121  8:04  High Templar x6  
  129  8:09  Archon x3  
  132  8:17  Zealot  
  136  8:22  Nexus  
  136  8:26  Dark Shrine  
  139  8:38  High Templar x2  
  145  8:50  High Templar x2  
  157  9:01  Gateway x2  
  157  9:06  Warp Prism  
  171  9:31  Assimilator x2  
  200  10:19  Nexus  
  200  11:07  Stargate x2  
Spawning Tool Build Advisor. Get it on Overwolf

Go to:

Details

  • Created by: Michauter
  • Published on: Dec 21, 2017
  • Modified on: Dec 21, 2017
  • Patch: 4.0.0
Show
View Real Time Build Order
Export as new Build Order

Comments (0)

There are no comments. Be the first!

Create an account to comment!